 Dungeon Crawl Stone Soup version 0.31.0-32-g396128a36d (webtiles) character file.

Game seed: 13282171297682829939

145 Doomgape the Ducker (level 5, -2/43 HPs)
             Began as a Merfolk Monk on Mar 24, 2024.
             Slain by an iguana (6 damage)
             ... on level 4 of the Dungeon.
             The game lasted 00:04:52 (2015 turns).

Doomgape the Ducker (Merfolk Monk)                  Turns: 2015, Time: 00:04:52

Health: -2/43      AC:  2    Str: 13    XL:     5   Next: 27%
Magic:  5/5        EV: 15    Int:  9    God:
Gold:   124        SH:  0    Dex: 17    Spells: 4/4 levels left

rFire   . .          .
                       - Unarmed
rCold   . . .        c - orb {light}
rNeg    . . .        a - +0 robe
rPois   .            (no helmet)
rElec   .            (no cloak)
rCorr   .            (no gloves)
SInv    .            (no boots)
Will    .....        (no amulet)
Stlth   +            m - +4 ring of slaying
HPRegen 0.27/turn    (no ring)
MPRegen 0.09/turn

%: no passive effects
@: glowing
A: (nimble swimmer 2), mertail
a: no special abilities


You were on level 4 of the Dungeon.
You visited 1 branch of the dungeon, and saw 4 of its levels.

You collected 124 gold pieces.

Inventory:

Armour
 a - a +0 robe (worn)
 c - an orb of light (worn)
Jewellery
 m - a +4 ring of slaying (left hand)
 n - a ring of flight
Scrolls
 d - a scroll of revelation {unknown}
 g - a scroll of enchant armour {unknown}
 j - a scroll of noise
 l - 2 scrolls of identify {unknown}
Potions
 b - a potion of ambrosia
 e - 2 potions of brilliance {unknown}
 f - a potion of curing {unknown}
 h - 2 potions of invisibility {unknown}
 i - a potion of heal wounds {unknown}
 k - 3 potions of enlightenment {unknown}


   Skills:
 + Level 4.6 Fighting
 + Level 5.4 Dodging
 + Level 4.5 Unarmed Combat


You had 4 spell levels left.
You didn't know any spells.
Your spell library was empty.

Dungeon Overview and Level Annotations

Branches:
Dungeon (4/15)
 Temple: D:4-7

Altars:
Cheibriados
Okawaru
Xom


Innate Abilities, Weirdness & Mutations

((You are very nimble when in or above water. (Stealth+, EV+, Speed+++)))
Your lower body shifts to a powerful aquatic tail in water.


Message History

a +0 dagger; a goblin corpse You punch the hobgoblin!
You kill the hobgoblin!
An orc comes into view. It is wielding a +0 dagger of speed.
An iguana comes into view.
You hit the orc.
The orc is heavily wounded.
The orc misses you.
The orc hits you with a +0 dagger of speed.
You hit the orc.
The orc is heavily wounded.
The orc hits you with a +0 dagger of speed.
You hit the orc but do no damage.
The orc is heavily wounded.
The orc hits you but does no damage. The orc misses you.
You punch the orc!
You kill the orc!
The iguana barely misses you.
You hit the iguana.
The iguana is moderately wounded.
The iguana bites you!
You barely miss the iguana.
The iguana is moderately wounded.
The iguana completely misses you.
You barely miss the iguana.
The iguana is moderately wounded.
A kobold comes into view. It is wielding a +0 club.
The iguana bites you!
The kobold shouts!
You punch the iguana!
The iguana is severely wounded.
The iguana bites you!
You hit the iguana.
The iguana is almost dead.
The iguana bites you!
* * * LOW HITPOINT WARNING * * *
You hit the iguana but do no damage.
The iguana is almost dead.
The iguana bites you.
You die...

... .. ... ...##. .... .. ......
........ ....# #.. ...# .#..
....##.##... ### #.#.#.
#.K.#....# ..##......##.)......#
#.............@l....##########
#(.......#........#..........##
##.#.........#....##.##......^..
#.....###..#...##..#.###......#
###.........#..# ##...###......#
......####.....# ##...##....).##
....#....#.#...#####..)##........
.....#..)#................##..###
.....#)................######..##


You could see an iguana and a kobold.

Vanquished Creatures
  A bombardier beetle (D:4)
  An orc wizard (D:4)
  An adder (D:3)
  2 ribbon worms (D:3)
  A dart slug (D:3)
  6 orcs (D:4)
  5 bats
  4 endoplasms
  A giant cockroach (D:1)
  9 goblins
  4 hobgoblins
  4 jackals (D:1)
  6 kobolds
  5 quokkas
  2 ball pythons (D:1)
  5 frilled lizards
  5 rats
62 creatures vanquished.

Notes
Turn   | Place    | Note
-------+----------+-------------------------------------------
     0 | D:1      | Doomgape the Merfolk Monk began the quest for the Orb.
     0 | D:1      | Reached XP level 1. HP: 18/18 MP: 1/1
   221 | D:1      | Found a faded altar of an unknown god.
   225 | D:1      | Reached XP level 2. HP: 19/24 MP: 2/2
   476 | D:1      | Reached XP level 3. HP: 18/30 MP: 3/3
   763 | D:2      | You fall into a shaft and drop 1 floor!
  1207 | D:3      | Reached XP level 4. HP: 35/37 MP: 4/4
  1328 | D:3      | Found a snail-covered altar of Cheibriados.
  1707 | D:4      | Found an iron altar of Okawaru.
  1740 | D:4      | Found a shimmering altar of Xom.
  1766 | D:4      | Reached skill level 5 in Dodging
  1803 | D:4      | Reached XP level 5. HP: 18/43 MP: 5/5
  2015 | D:4      | Slain by an iguana

Illustrated notes

Levels and vault maps discovered:
D:1:      dpeg_chamrin_arrival_tetris, layout_rooms,
          shapermc_ecumenical_altar_mp_ritualfount
D:2:      layout_rooms
D:3:      layout_loops_corners, kennysheep_slug_shrine, minmay_starry_boxes
D:4:      layout_rooms, mainiacjoe_overflow_catch_the_wave

Skill      XL: |  1  2  3  4 |
---------------+-------------+-----
Fighting       | 4 |  4.6
Unarmed Combat | 4 |  4.5
Dodging        | 5 |  5.4

Action                     |  1- 3 |  4- 6 || total
---------------------------+-------+-------++-------
  Melee: Unarmed           |   122 |    74 ||   196
    Use: Scroll            |     4 |       ||     4
 Armour: Robe              |    50 |    26 ||    76
  Dodge: Dodged            |    85 |    49 ||   134
